 Dungeon Crawl Stone Soup version 0.15-a0-462-gf669498 (webtiles) character file.

2949 PolkaDot the Martial Artist (level 9, -6/87 HPs)
             Began as a Vampire Transmuter on May 7, 2014.
             Shot with an arrow by a centaur (9 damage)
             ... on Level 8 of the Dungeon.
             The game lasted 00:33:24 (9344 turns).

PolkaDot the Martial Artist (Vampire Transmuter)    Turns: 9344, Time: 00:33:24

HP  -6/87        AC  3     Str 14      XL: 9   Next: 28%
MP  14/14        EV 12     Int 18      God:
Gold 453         SH  0     Dex 14      Spells:  2 memorised,  6 levels left

rFire  + + .     SeeInvis +       - Unarmed
rCold  . . .     Clarity  .     c - +0 robe
rNeg   . . .     Conserve .     (no shield)
rPois  .         rCorr    .     s - +0 hat
rElec  .         rRot     .     w - +0 cloak
SustAb . .       Spirit   .     (no gloves)
rMut   .         Warding  .     (no boots)
Saprov . . .     Stasis   .     p - amulet of rage
MR     .....                    r - ring of protection from fire
                                y - ring of protection from fire

@: regenerating quickly, berserking, very slightly contaminated, hasted, very
quick, not resistant to hostile enchantments, extremely unstealthy
A: bottle blood, fangs 3, see invisible, unbreathing
a: Bottle Blood, Evoke Berserk Rage


You were on level 8 of the Dungeon.
You were full.

You visited 2 branches of the dungeon, and saw 9 of its levels.
You also visited: Sewer and Ossuary.

You collected 481 gold pieces.
You spent 28 gold pieces at shops.

Inventory:

Missiles
 b - 12 arrows
Armour
 c - a +0 robe (worn)
 s - a +0 hat (worn)
 w - a +0 cloak (worn)
Magical devices
 u - a wand of flame (16) {unknown}
Scrolls
 g - 4 scrolls of enchant weapon I
 j - 3 scrolls of fog
 l - 4 scrolls of remove curse
Jewellery
 p - an amulet of rage (around neck)
 r - a ring of protection from fire (right hand)
 y - a ring of protection from fire (left hand)
Potions
 e - 5 potions of magic
 h - 2 potions of brilliance
 i - 2 potions of flight
 k - 2 potions of mutation {!q}
 v - a potion of haste
 z - 4 potions of poison {!q}
 A - a potion of degeneration {!q}
Books
 d - a book of Changes

   Spells                             Type                      Level
   *Beastly Appendage                 Transmutation                1
   Sticks to Snakes                   Transmutation                2
   Spider Form                        Transmutation/Poison         3
   Ice Form                           Ice/Transmutation            4
   *Blade Hands                       Transmutation                5


   Skills:
 - Level 0.8 Fighting
 - Level 2.1 Dodging
 + Level 13.5 Unarmed Combat
 - Level 2.0 Spellcasting
 - Level 2.1 Transmutations


You had 6 spell levels left.
You knew the following spells:

 Your Spells              Type           Power        Failure   Level  Hunger
a - Beastly Appendage     Trmt           #.....       10%         1    #......
b - Blade Hands           Trmt           #.........   99%         5    ######.


Dungeon Overview and Level Annotations

Branches:
Dungeon (8/15)             Temple (1/1) D:7            Lair (0/8) D:8

Altars:
Ashenzari
Cheibriados
Fedhas
Kikubaaqudgha
Makhleb
Nemelex Xobeh
Trog
Vehumet
Xom
Yredelemnul
Zin

Shops:
D:7 !

Annotations:
D:8 Joseph


Innate Abilities, Weirdness & Mutations

Your natural rate of healing is unusually fast.
You can bottle blood from corpses.
You have razor-sharp teeth.*
You have supernaturally acute eyesight.
You can survive without breathing.*


Message History

Read which item? (? for menu, Esc to quit)
Okay, then.
Drink which item? (? for menu, Esc to quit)
Okay, then.
Put on which piece of jewellery? (? for menu, Esc to quit)
Okay, then.
Drink which item? (? for menu, Esc to quit)
You feel yourself speed up.
Use which ability? (? or * to list)
You fail to use your ability.
The centaur shoots an arrow.
The arrow barely misses you. The giant gecko skeleton bites you.
* * * LOW HITPOINT WARNING * * *
Use which ability? (? or * to list)
You fail to use your ability.
The centaur shoots an arrow.
The arrow misses you.
Use which ability? (? or * to list)
A red film seems to cover your vision as you go berserk!
You feel yourself moving faster!
You feel mighty!
The centaur shoots an arrow.
The arrow hits you!
You die... ...... #.# ##.##.# co...

... ..##.# ...$ #.# #.##.# #..
#.# ##.##.#
..#####.############.###...#.#
...................=......#..#
............c.########.##.##..
.###.....###..(..........##.#
.#####_#####@########.#####.#
.###.....###Z# ##. ..#
............# # .#.#
########.... ....# ###### ##
... ###


You could see a centaur and a giant gecko skeleton.

Vanquished Creatures
  A troll (D:8)
  A spriggan (D:7)
  Grum (D:8)
  4 ice beasts
  A necrophage (D:7)
  A sky beast (D:7)
  2 ogres (D:5)
  A phantom (D:7)
  2 giant frogs
  2 scorpions
  A crimson imp (D:8)
  2 goliath beetles
  A centaur zombie (D:5)
  A big fish (Sewer)
  A jelly (D:7)
  An orc priest (D:3)
  2 hounds
  6 orc wizards
  4 worker ants
  Ijyb (D:4)
  A big kobold zombie (Ossuary)
  8 mummies (Ossuary)
  13 adders
  An inept item mimic (D:4)
  3 worms
  4 giant mites
  A giant eyeball (D:6)
  2 oozes
  13 orcs
  5 ball pythons
  6 giant cockroaches
  A gnoll zombie (Ossuary)
  18 goblins
  9 hobgoblins
  8 jackals
  20 kobolds
  A quokka (D:5)
  10 bats
  A giant gecko (D:7)
  A giant gecko skeleton (D:5)
  5 giant newts
  A goblin zombie (D:5)
  A hobgoblin skeleton (D:7)
  A hobgoblin zombie (Ossuary)
  6 orc zombies
  6 rats
  3 plants (Sewer)
185 creatures vanquished.

Vanquished Creatures (others)
  A giant spore (D:7)
1 creature vanquished.

Grand Total: 186 creatures vanquished

Notes
Turn   | Place    | Note
--------------------------------------------------------------
     0 | D:1      | PolkaDot, the Vampire Transmuter, began the quest for the Orb.
     0 | D:1      | Reached XP level 1. HP: 14/14 MP: 3/3
     4 | D:1      | Learned a level 1 spell: Beastly Appendage
   690 | D:1      | Reached skill level 4 in Unarmed Combat
   690 | D:1      | Reached XP level 2. HP: 2/20 MP: 4/4
  1606 | D:2      | Reached XP level 3. HP: 13/25 MP: 6/6
  2026 | D:2      | Found a radiant altar of Vehumet.
  2080 | D:2      | Reached skill level 5 in Unarmed Combat
  2192 | D:3      | Found a glowing drain.
  2220 | Sewer    | Entered a sewer
  2232 | Sewer    | Reached XP level 4. HP: 27/31 MP: 7/7
  3227 | Sewer    | Reached skill level 6 in Unarmed Combat
  3439 | Sewer    | Reached XP level 5. HP: 34/36 MP: 9/9
  4219 | D:3      | Reached skill level 7 in Unarmed Combat
  4238 | D:3      | Found a snail-covered altar of Cheibriados.
  4259 | D:3      | Found a sparkling altar of Nemelex Xobeh.
  4498 | D:3      | Found a basalt altar of Yredelemnul.
  5013 | D:4      | Reached XP level 6. HP: 42/42 MP: 10/10
  5018 | D:4      | Got a crude buckler
  5022 | D:4      | Identified the cursed -2 buckler of Anaesthesia {rF+ rN+} (You found it on level 4 of the Dungeon)
  5247 | D:4      | Noticed Ijyb
  5259 | D:4      | Killed Ijyb
  5593 | D:5      | Entered Level 5 of the Dungeon
  5629 | D:5      | Reached skill level 8 in Unarmed Combat
  6082 | D:5      | Reached XP level 7. HP: 40/47 MP: 12/12
  6131 | D:5      | Learned a level 5 spell: Blade Hands
  6135 | D:5      | Reached skill level 9 in Unarmed Combat
  6226 | D:5      | HP: 2/47 [ice beast (9)]
  6487 | D:5      | Reached skill level 10 in Unarmed Combat
  6626 | D:5      | Reached XP level 8. HP: 28/53 MP: 11/13
  6792 | D:6      | Noticed an unseen horror
  7227 | D:7      | Found Itohuax's Distillery.
  7237 | D:7      | Reached skill level 11 in Unarmed Combat
  7239 | D:7      | Bought 2 potions of confusion for 28 gold pieces
  7601 | D:7      | HP: 2/53 [goliath beetle (19)]
  7603 | D:7      | Reached skill level 12 in Unarmed Combat
  7620 | D:7      | Found a sand-covered staircase.
  7790 | Ossuary  | Entered an ossuary
  8161 | D:7      | Found a staircase to the Ecumenical Temple.
  8172 | Temple   | Entered the Ecumenical Temple
  8501 | D:7      | Noticed a moth of wrath
  8504 | D:7      | Found a bloodstained altar of Trog.
  8723 | D:8      | Reached XP level 9. HP: 30/58 MP: 14/14
  9083 | D:8      | Reached skill level 13 in Unarmed Combat
  9124 | D:8      | Found a shattered altar of Ashenzari.
  9139 | D:8      | Found a staircase to the Lair.
  9139 | D:8      | Noticed an elephant
  9237 | D:8      | Noticed Joseph
  9257 | D:8      | Noticed Grum
  9288 | D:8      | Killed Grum
  9337 | D:8      | HP: 1/58 [wolf[Grum] (5)]
  9342 | D:8      | HP: 1/58 [giant gecko skeleton (1)]
  9344 | D:8      | Shot with an arrow by a centaur

Action                   |  1- 3 |  4- 6 |  7- 9 || total
-------------------------+-------+-------+-------++-------
Melee: Unarmed           |   112 |   438 |   332 ||   882
 Cast: Beastly Appendage |       |     1 |    23 ||    24
 Abil: End Transformatio |       |     1 |       ||     1
       Bat Form          |       |     1 |       ||     1
       Evoke Berserk Rag |       |       |     1 ||     1
  Use: Potion            |     1 |     3 |    19 ||    23
       Scroll            |     8 |     3 |    16 ||    27
 Stab: Sleeping          |     1 |     1 |     7 ||     9
       Invisible         |       |       |     4 ||     4
